 Dungeon Crawl Stone Soup version 0.31-a0-43-g46d131a48f (webtiles) character file.

Game seed: 11909076167889988925

12378 lunkers the Basher (level 12, -6/115 HPs)
             Began as a Meteoran Wanderer on May 18, 2023.
             Was an Elder of Ashenzari.
             Mangled by a naga
             ... wielding a +0 dire flail
              (8 damage)
             ... while petrified by a basilisk
             ... on level 3 of the Lair of Beasts.
             The game lasted 00:21:43 (4982 turns).

lunkers the Basher (Meteoran Wanderer)              Turns: 4982, Time: 00:21:43

Health: -6/115     AC: 15    Str: 21    XL:     12   Next: 48%
Magic:  13/13      EV: -1    Int: 16    God:    Ashenzari [****..]
Gold:   486        SH:  0    Dex: 13    Spells: 11/11 levels left

rFire   . . .        a - +9 mace "Circumscribed Shame" {freeze, rPois Int+3, Range, Melee} (curse)
rCold   . . .        s - +0 buckler of Ashenzari's Disgust {Cun, Melee} (curse)
rNeg    + + +        y - +0 ring mail of Ashenzari's Black Moon {Elem, Cun} (curse)
rPois   ∞            L - +1 helmet of Ashenzari's Paranoia {Elem, Cun} (curse)
rElec   .            (no cloak)
rCorr   .            (no gloves)
SInv    +            z - +0 pair of boots "I Foresaw This" {Melee, Bglg} (curse)
Will    +....        (no amulet)
Stlth   +            k - ring of the Shattered Seer {AC+4, Fort, Self} (curse)
HPRegen 0.39/turn    n - ring of the All-seeing Malaise {Slay+4, Melee, Cun} (curse)
MPRegen 0.13/turn

%: clarity
@: petrified, glowing, constricted
A: sense surroundings 2, otherworldly, glowing, explore regen
a: Renounce Religion, Shatter the Chains


You were on level 3 of the Lair of Beasts.
You worshipped Ashenzari.
Ashenzari was greatly pleased with you.
You visited 2 branches of the dungeon, and saw 11 of its levels.
You also visited: Sewer.

You collected 486 gold pieces.

Inventory:

Hand Weapons
 a - the cursed +9 mace "Circumscribed Shame" (weapon) {freeze, rPois Int+3, Range, Melee}
   (You found it on level 1 of the Lair of Beasts)

   Int:       It affects your intelligence (+3).
   rPois:     It protects you from poison.
   It has a curse which improves the following skills: Ranged Combat: Ranged
   Weapons and Throwing.
   Melee Combat: Short Blades, Long Blades, Axes, Maces & Flails, Polearms,
   Staves and Unarmed Combat.
 q - a +0 short sword of draining
 v - a +1 vampiric short sword
 B - the +8 dagger "Opepon" {venom, rC+ rCorr}
   (You found it on level 7 of the Dungeon)

   rC:        It protects you from cold.
   rCorr:     It protects you from acid and corrosion.
 J - a +1 sling
Missiles
 x - a throwing net
Armour
 s - the cursed +0 buckler of Ashenzari's Disgust (worn) {Cun, Melee}
   (You found it on level 3 of the Dungeon)

   It has a curse which improves the following skills: Cunning: Dodging and
   Stealth.
   Melee Combat: Short Blades, Long Blades, Axes, Maces & Flails, Polearms,
   Staves and Unarmed Combat.
 y - the cursed +0 ring mail of Ashenzari's Black Moon (worn) {Elem, Cun}
   (You found it on level 4 of the Dungeon)

   It has a curse which improves the following skills: Elements: Fire Magic, Ice
   Magic, Air Magic and Earth Magic.
   Cunning:   Dodging and Stealth.
 z - the cursed +0 pair of boots "I Foresaw This" (worn) {Melee, Bglg}
   (You found it on level 5 of the Dungeon)

   It has a curse which improves the following skills: Melee Combat: Short
   Blades, Long Blades, Axes, Maces & Flails, Polearms, Staves and Unarmed
   Combat.
   Beguiling: Conjurations, Hexes and Translocations.
 E - +0 steam dragon scales
 F - a +2 robe of cold resistance
 K - a +1 scale mail of cold resistance
 L - the cursed +1 helmet of Ashenzari's Paranoia (worn) {Elem, Cun}
   (You found it on level 2 of the Lair of Beasts)

   It has a curse which improves the following skills: Elements: Fire Magic, Ice
   Magic, Air Magic and Earth Magic.
   Cunning:   Dodging and Stealth.
Jewellery
 k - the cursed ring of the Shattered Seer (left hand) {AC+4, Fort, Self}
   (You found it on level 1 of the Dungeon)

   [ring of protection]

   AC:        It affects your AC (+4).
   It has a curse which improves the following skills: Fortitude: Armour and
   Shields.
   Introspection: Fighting and Spellcasting.
 n - the cursed ring of the All-seeing Malaise (right hand) {Slay+4, Melee, Cun}
   (You found it on level 2 of the Dungeon)

   [ring of slaying]

   Slay:      It affects your accuracy & damage with ranged weapons and melee
   (+4).
   It has a curse which improves the following skills: Melee Combat: Short
   Blades, Long Blades, Axes, Maces & Flails, Polearms, Staves and Unarmed
   Combat.
   Cunning:   Dodging and Stealth.
Wands
 w - a wand of charming (9)
 G - a wand of polymorph (12)
Scrolls
 d - a scroll of fear
 f - 2 scrolls of teleportation
 h - 5 scrolls of immolation
 j - a scroll of magic mapping
 l - 3 scrolls of poison
 m - 2 scrolls of brand weapon
 o - a scroll of blinking
 r - 2 scrolls of summoning
 I - a scroll of amnesia
Potions
 b - 4 potions of haste
 c - a potion of might
 e - 3 potions of brilliance
 g - 6 potions of curing
 i - 4 potions of heal wounds
 p - 4 potions of attraction
 t - a potion of resistance
 u - a potion of experience
 A - 2 potions of cancellation
 C - a potion of magic
 D - a potion of mutation
 H - a potion of berserk rage


   Skills:
 + Level 11.5(13.3) Fighting
 - Level 3.1(6.7) Short Blades
 - Level 11.6(15.9) Maces & Flails
 - Level 5.5(7.3) Ranged Weapons
 + Level 10.1(11.9) Armour
 + Level 10.2(14.5) Dodging
 - Level 3.6(7.3) Unarmed Combat
 - Level 1.2 Evocations


You had 11 spell levels left.
You didn't know any spells.
Your spell library contained the following spells:

 Spells                   Type           Power      Damage    Failure   Level
 Freeze                   Ice            4%         1d3       38%         1
 Blink                    Tloc           0%         N/A       54%         2
 Lesser Beckoning         Tloc           0%         N/A       54%         2
 Momentum Strike          Conj/Tloc      0%         3d8       54%         2
 Frozen Ramparts          Ice            2%         1d1       77%         3
 Hailstorm                Conj/Ice       1%         3d3       77%         3
 Ozocubu's Armour         Ice            1%         N/A       77%         3
 Cause Fear               Hex            0%         N/A       99%         4
 Dragon Form              Tmut           0%         N/A       100%        7
 Ozocubu's Refrigeration  Ice            0%         4d7       100%        7
 Dragon's Call            Summ           0%         N/A       100%        9


Dungeon Overview and Level Annotations

Branches:
Dungeon (8/15) Zot: 1049     Lair (3/5) D:8 Zot: 1036   Sewer (visited)
 Temple: D:4-7        Swamp: Lair:2-3    Shoals: Lair:2-3     Snake: Lair:2-3
 Spider: Lair:2-3

Altars:
Ashenzari
Uskayaw

Annotations:
D:3 3 runed translucent doors, Sans23's ghost, amateur HuWn
D:6 1 runed translucent door
D:8 1 transporter


Innate Abilities, Weirdness & Mutations

You passively map the area around you.
You are easily found by Zot.
You glow in the dark.
You regain HP and MP as you explore.


Message History

You sock the basilisk!
The basilisk seems to slow down.
You freeze the basilisk.
The basilisk is severely wounded.
The basilisk gazes at you.
You are slowing down.
Unknown command.
You sock the basilisk!
The basilisk seems to slow down.
You freeze the basilisk.
You kill the basilisk!
Your limbs are stiffening.
Unknown command.
Unknown command.
You have turned to stone.
The naga spits poison at you.
The splash of poison hits you but does no damage.
You resist. The naga spits poison at you.
The splash of poison hits you but does no damage.
You resist. The naga hits you with a +0 long sword!
* * * LOW HITPOINT WARNING * * *
The naga grabs you. The naga constricts you.
The naga hits you with a +0 long sword!
* * * LOW HITPOINT WARNING * * *
The naga constricts you. The naga hits you with a +0 long sword.
* * * LOW HITPOINT WARNING * * *
The naga constricts you.
* * * LOW HITPOINT WARNING * * *
The naga spits poison at you.
The splash of poison hits you but does no damage.
You resist. The naga hits you but does no damage. The naga constricts you.
* * * LOW HITPOINT WARNING * * *
The naga hits you with a +0 dire flail!
* * * LOW HITPOINT WARNING * * *
The naga spits poison at you.
The splash of poison hits you but does no damage.
You resist. The naga constricts you. The naga hits you with a +0 dire flail!
You die...

* * *** , * *
**,,, , ,, , * , *
,* ,,, , *, , *
*,, **** *, * , ,*
** * , * ,## *., *
, ,, * *
####.###... , , *
# #..........,*,,
~ ~
~~##.##[†.P....# *
, , ~~
~~....N@#.#..... ,
, ~~ ~
~~~~..N<........,
, , ,
,.~~~.P..>.#.#..#
* *, ~,
..~~§....P......,*
..~~§.##§§§.....
,, , , ..~~..§
§§§§..., * ~ ,
.~~~§#, §§§..#., *
, ~~ ~~~..,
§§§...., ** * ~
~~.#.* ,....... *,
*


You could see 2 nagas.

Vanquished Creatures
  A boulder beetle (Lair:2)
  A swamp dragon (Lair:3)
  A black mamba (Lair:1)
  Psyche (D:8)
  7 cane toads
  4 komodo dragons (Lair:2)
  5 blink frogs (Lair:2)
  A wraith (D:7)
  13 yaks
  A wyvern (D:6)
  2 basilisks
  A steam dragon (D:8)
  3 wargs (D:8)
  2 nagas (Lair:3)
  6 water moccasins
  A sky beast (D:6)
  A black bear (D:5)
  2 centaurs (D:8)
  An ogre (D:7)
  5 wolves (Lair:2)
  A phantom (D:4)
  4 kobold brigands
  5 bullfrogs
  2 scorpions (D:6)
  9 wights
  3 howler monkeys (D:7)
  A hound (D:4)
  2 jellies
  2 orc priests (D:8)
  5 iguanas
  2 sleepcaps
  4 orc wizards
  9 gnolls
  10 adders
  6 river rats (Sewer)
  A shadow imp (D:6)
  A white imp (D:5)
  4 worms
  A dart slug (D:4)
  25 orcs
  9 endoplasms
  3 giant cockroaches
  8 goblins
  4 hobgoblins
  21 kobolds
  4 quokkas
  8 ball pythons
  2 bats
  6 frilled lizards
  21 rats
242 creatures vanquished.

Vanquished Creatures (collateral kills)
  An orc priest (D:8)
  An orc wizard (D:8)
2 creatures vanquished.

Grand Total: 244 creatures vanquished

Notes
Turn   | Place    | Note
-------+----------+-------------------------------------------
     0 | D:1      | lunkers the Meteoran Wanderer began the quest for the Orb.
     0 | D:1      | lunkers set off with the following items: a +1 sling, a
                  | potion of haste, a potion of might, a scroll of fear, a +0
                  | leather armour.
     0 | D:1      | Reached XP level 1. HP: 22/22 MP: 2/2
    38 | D:1      | Reached XP level 2. HP: 28/28 MP: 3/3
   166 | D:1      | Reached XP level 3. HP: 34/34 MP: 4/4
   332 | D:2      | Identified the +0 leather armour "Juompayw" {+Inv Will++
                  | Int-4}
   369 | D:2      | Reached XP level 4. HP: 41/41 MP: 5/5
   562 | D:2      | Found a faded altar of an unknown god.
   580 | D:2      | Prayed at the altar of an unknown god.
   580 | D:2      | Became a worshipper of Ashenzari the Shackled
  1037 | D:3      | Found a glowing drain.
  1056 | D:3      | Reached * piety under Ashenzari
  1064 | Sewer    | Entered a sewer
  1103 | Sewer    | Reached XP level 5. HP: 50/50 MP: 6/6
  1110 | Sewer    | Reached skill level 5 in Fighting
  1185 | Sewer    | Noticed a kobold brigand
  1202 | Sewer    | Killed a kobold brigand
  1203 | Sewer    | Reached skill level 5 in Ranged Weapons
  1203 | Sewer    | Reached skill level 1 in Armour
  1203 | Sewer    | Reached skill level 1 in Dodging
  1203 | Sewer    | Reached XP level 6. HP: 43/57 MP: 7/7
  1403 | Sewer    | Reached skill level 1 in Short Blades
  1403 | Sewer    | Reached XP level 7. HP: 51/64 MP: 8/8
  1522 | Sewer    | Glimpsed the power of Zot.
  1618 | D:3      | Found a runed translucent gate.
  1620 | D:3      | Noticed Sans23's ghost (amateur HuWn)
  1626 | D:3      | Found a runed translucent gate.
  1628 | D:3      | Found a runed translucent gate.
  1993 | D:4      | Reached XP level 8. HP: 71/71 MP: 9/9
  2147 | D:4      | Reached ** piety under Ashenzari
  2296 | D:4      | Reached skill level 1 in Maces & Flails
  2448 | D:5      | Entered Level 5 of the Dungeon
  2712 | D:5      | Reached skill level 5 in Maces & Flails
  2817 | D:6      | Found a runed translucent gate.
  3066 | D:6      | Gained mutation: You passively map the area around you.
                  | [Meteoran growth]
  3066 | D:6      | Reached XP level 9. HP: 77/79 MP: 10/10
  3073 | D:6      | Reached *** piety under Ashenzari
  3364 | D:7      | Identified the +8 dagger "Opepon" {venom, rC+ rCorr}
  3421 | D:7      | Reached skill level 10 in Maces & Flails
  3735 | D:7      | Reached **** piety under Ashenzari
  3794 | D:8      | Reached XP level 10. HP: 65/93 MP: 11/11
  3859 | D:8      | Found a transporter.
  3877 | D:8      | Reached skill level 5 in Dodging
  3958 | D:8      | Reached skill level 5 in Armour
  4016 | D:8      | Found a hide-covered altar of Uskayaw.
  4069 | D:8      | Noticed Psyche
  4071 | D:8      | Found a staircase to the Lair.
  4090 | D:8      | Killed Psyche
  4170 | Lair:1   | Entered Level 1 of the Lair of Beasts
  4187 | Lair:1   | Noticed a cane toad
  4198 | Lair:1   | Killed a cane toad
  4199 | Lair:1   | Reached XP level 11. HP: 41/104 MP: 12/12
  4266 | Lair:1   | Identified the +9 mace of Calculation {freeze, rPois Int+3}
  4337 | Lair:1   | Noticed a catoblepas
  4500 | Lair:1   | Noticed a black mamba
  4506 | Lair:1   | Killed a black mamba
  4540 | Lair:2   | Reached skill level 10 in Fighting
  4597 | Lair:2   | Noticed a boulder beetle
  4618 | Lair:2   | Killed a boulder beetle
  4746 | Lair:2   | Reached XP level 12. HP: 99/112 MP: 13/13
  4933 | Lair:3   | Noticed a swamp dragon
  4956 | Lair:3   | Killed a swamp dragon
  4957 | Lair:3   | Reached skill level 10 in Armour
  4957 | Lair:3   | Reached skill level 10 in Dodging
  4981 | Lair:3   | HP: 2/115 [naga/+0 dire flail (8)]
  4982 | Lair:3   | Mangled by a naga

Illustrated notes

Levels and vault maps discovered:
D:1:      wander_arrival_desolate, layout_rooms
D:2:      wad_pebble_path, layout_basic, chequers_ecumenical_altar_twisty,
          grunt_ministairs_11, minmay_tromino_v7
D:3:      layout_basic, cheibrodos_sewer_entry_bend, gammafunk_ghost_split,
          minmay_misc_feat_roman, hangedman_decor_slide_cut
D:4:      layout_basic, lemuel_zombie_altar_kikubaaqudgha,
          minmay_temple_entry_proselytizer
D:5:      layout_cave_pools, yredelemnul_altar_generic, minivault_27
D:6:      layout_basic, gammafunk_ghost_cemetery
D:7:      layout_rooms
D:8:      layout_gridville, marbit_many_paths, erik_lair_orcish_takeover,
          nicolae_diode_basic, uniq_psyche
Lair:1:   layout_long_grid, chequers_serial_rivers_micro_e,
          chequers_serial_rivers_micro_e, minivault_24, columned_hall_lemuel,
          uniq_maggie
Lair:2:   layout_regular_city, st_stairs_11, serial_bayou_shore_b,
          grunt_megastairs_4
Lair:3:   nzn_winding_woodlands_huge [nzn_winding_woodlands_5x15_eye,
          nzn_winding_woodlands_5x15_default, nzn_winding_woodlands_5x15_cabin,
          nzn_winding_woodlands_5x15_pockets,
          nzn_winding_woodlands_5x15_crooked,
          nzn_winding_woodlands_5x15_sawtooth,
          nzn_winding_woodlands_5x15_concentric,
          nzn_winding_woodlands_5x15_pathside_ponds,
          nzn_winding_woodlands_5x15_lazy_stream,
          nzn_winding_woodlands_5x15_longhouse,
          nzn_winding_woodlands_center_triple_pond,
          nzn_winding_woodlands_center_pierced_h,
          nzn_winding_woodlands_15x15_eel_pit], layout_misc_corridors,
          minmay_swamp_entry_reptiles, guppyfry_snake_entry_island

Skill      XL: |  1  2  3  4  5  6  7  8  9 10 11 12 |
---------------+-------------------------------------+-----
Ranged Weapons | 3 4 5 |  5.5
Fighting       | 5 6 7 9 10 11 | 11.5
Armour         | 1 2 6 9 10 | 10.1
Dodging        | 1 2 3 6 9 10 | 10.2
Short Blades   | 1 3 |  3.1
Maces & Flails | 7 11 | 11.6
Unarmed Combat | |  3.6
Evocations     | |  1.2

Action                     |  1- 3 |  4- 6 |  7- 9 | 10-12 || total
---------------------------+-------+-------+-------+-------++-------
  Melee: Morningstar       |       |       |   182 |   122 ||   304
         Mace              |       |       |       |   172 ||   172
   Fire: Sling             |    95 |   181 |   100 |       ||   376
 Invoke: Curse Item        |       |     2 |     4 |     2 ||     8
         Shatter the Chain |       |       |       |     1 ||     1
  Evoke: Wand              |       |       |       |     3 ||     3
    Use: Scroll            |       |       |     1 |     3 ||     4
   Stab: Distracted        |       |       |       |     1 ||     1
         Petrified         |       |       |       |     6 ||     6
 Armour: Leather armour    |    31 |    61 |    45 |       ||   137
         Ring mail         |       |       |    90 |    82 ||   172
  Dodge: Dodged            |    32 |    53 |   135 |   146 ||   366
  Block: Buckler           |       |    18 |    38 |    34 ||    90

Table legend: (Time is in decaauts)
 A = Elapsed time spent in this place.
 B = Non-inter-level travel time spent in this place.
 C = Inter-level travel time spent in this place.
 D = Time resting spent in this place.
 E = Time spent auto-exploring this place.
 F = Levels seen in this place.
 G = Mean time per level.
                   A        B        C        D        E       F      G
               +--------+--------+--------+--------+--------+-----+--------+
         Total |   5038 |   4943 |     95 |      0 |   2975 |  12 |  419.8 |
       Dungeon |   3750 |   3659 |     91 |      0 |   2478 |   8 |  468.8 |
          Lair |    763 |    759 |      4 |      0 |    207 |   3 |  254.3 |
         Sewer |    525 |    525 |      0 |      0 |    289 |   1 |  525.0 |
               +--------+--------+--------+--------+--------+-----+--------+

Top non-repeatable levels by time:
     D:3: 701 daAuts
     D:4: 631 daAuts
     D:6: 627 daAuts
   Sewer: 525 daAuts
     D:2: 475 daAuts
     D:8: 400 daAuts
  Lair:2: 387 daAuts
     D:7: 374 daAuts
  Lair:1: 338 daAuts
     D:5: 311 daAuts
     D:1: 229 daAuts
  Lair:3: 37 daAuts
